 Dungeon Crawl Stone Soup version 0.29-a0-330-g52719c12eb (webtiles) character file.

Game seed: 11050790711573099547

9 Iscandelvey the Vexing (level 2, 18/21 HPs)
             Began as a Demonspawn Arcane Marksman on Apr 23, 2022.
             Quit the game on level 1 of the Dungeon.
             The game lasted 00:00:26 (142 turns).

Iscandelvey the Vexing (Demonspawn Arcane Marksman)  Turns: 142, Time: 00:00:27

Health: 18/21      AC:  2    Str: 10    XL:     2   Next: 3%
Magic:  3/3        EV: 12    Int: 14    God:
Gold:   9          SH:  0    Dex: 13    Spells: 2/3 levels left

rFire   . . .      SeeInvis .   a - +0 hunting sling
rCold   . . .      Faith    .   (no shield)
rNeg    . . .      Spirit   .   b - +0 robe
rPois   .          Reflect  .   (helmet restricted)
rElec   .          Harm     .   (no cloak)
rCorr   .          Rampage  .   (no gloves)
Will    .....                   (no boots)
Stlth   +.........              (no amulet)
HPRegen 0.07/turn               (no ring)
MPRegen 0.08/turn               (no ring)

@: no status effects
A: antennae 1
a: no special abilities


You were on level 1 of the Dungeon.
You visited 1 branch of the dungeon, and saw 1 of its levels.

You collected 9 gold pieces.

Inventory:

Hand Weapons
 a - a +0 hunting sling (weapon)
Armour
 b - a +0 robe (worn)
Scrolls
 c - a scroll of vulnerability
 d - a scroll of identify {unknown}
 e - a scroll of fear {unknown}


   Skills:
 + Level 1.2 Fighting
 + Level 1.9 Slings
 + Level 1.9 Dodging
 + Level 1.2 Spellcasting
 + Level 3.1 Hexes


You had 2 spell levels left.
You knew the following spells:

 Your Spells              Type           Power      Damage    Failure   Level
a - Slow                  Hex            36%        N/A       7%          1

Your spell library contained the following spells:

 Spells                   Type           Power      Damage    Failure   Level
 Corpse Rot               Necr/Air       0%         N/A       36%         2
 Poisonous Vapours        Pois/Air       0%         N/A       36%         2
 Inner Flame              Hex/Fire       5%         N/A       38%         3
 Portal Projectile        Hex/Tloc       10%        N/A       38%         3
 Cause Fear               Hex            4%         N/A       56%         4


Dungeon Overview and Level Annotations

Branches:
Dungeon (1/15)

Altars:

Shops:
D:1 ?


Innate Abilities, Weirdness & Mutations

You have a pair of small antennae on your head.


Message History

You shoot a sling bullet.
The sling bullet hits the ball python but does no damage.
The ball python hisses angrily.
You shoot a sling bullet. The sling bullet hits the ball python.
You kill the ball python!
No target in view!
No target in view!
A kobold comes into view. It is wielding a +0 dagger.
The kobold shouts!
The kobold throws a stone.
The stone barely misses you.
You shoot a sling bullet.
The sling bullet closely misses the kobold.
Found a stone staircase leading down.
A ball python comes into view.
The kobold throws a stone.
The stone barely misses you.
You shoot a sling bullet.
The sling bullet closely misses the kobold.
The sling bullet hits the ball python.
You kill the ball python!
A kobold is nearby!
You shoot a sling bullet. The sling bullet hits the kobold.
The kobold is heavily wounded.
The kobold throws a stone.
The stone closely misses you.
You shoot a sling bullet.
The sling bullet barely misses the kobold.
You shoot a sling bullet.
The sling bullet hits the kobold but does no damage.
The kobold is heavily wounded.
The kobold hits you with a +0 dagger.
You shoot a sling bullet.
The sling bullet hits the kobold but does no damage.
The kobold is heavily wounded.
The kobold barely misses you.
You shoot a sling bullet. The sling bullet hits the kobold.
You kill the kobold!
You have reached level 2!
You feel monstrous as your demonic heritage exerts itself.
Your demonic ancestry asserts itself...
A pair of antennae grows on your head!
Are you sure you want to abandon this character and quit the game? (Confirm with "yes".)

#(≈♣≈.≈♣≈...........#
#≈♣⌠♣≈♣⌠♣≈##........#
#.≈♣...♣≈####.......###
###≈...≈###............
.##≈...≈....#....^..###
...≈.<.≈..............#
...≈...≈...##.......#..
...≈...≈.####.......#
.)≈♣...P≈# ####@.#..#
.≈♣⌠♣≈P⌠P≈# #).##....
..≈♣≈.≈P≈... #..# ....
...≈...≈...>. .$.. (.
............. ..... .
............ .......
......... †.#####.
........ ... .>


There were no monsters in sight!

Vanquished Creatures
  A dart slug (D:1)
  2 ball pythons (D:1)
  A goblin (D:1)
  A kobold (D:1)
  A rat (D:1)
6 creatures vanquished.

Notes
Turn   | Place    | Note
-------+----------+-------------------------------------------
     0 | D:1      | Iscandelvey the Demonspawn Arcane Marksman began the quest
                  | for the Orb.
     0 | D:1      | Reached XP level 1. HP: 15/15 MP: 2/2
    62 | D:1      | Found Qypn's Magic Scroll Shop.
   142 | D:1      | Discovered your monstrous ancestry.
   142 | D:1      | Gained mutation: You have a pair of small antennae on your
                  | head. [demonic ancestry]
   142 | D:1      | Reached XP level 2. HP: 18/21 MP: 3/3
   142 | D:1      | Quit the game

Illustrated notes

Levels and vault maps discovered:
D:1:      ldierk_water_garden, layout_rooms, basic_ecumenical_altar,
          serial_shops, shop_fountains, nicolae_concentric_dashed_squares_mild

Action                   || total
-------------------------++-------
 Fire: Hunting sling     ||    18
Dodge: Dodged            ||     4

Table legend: (Time is in decaauts)
 A = Elapsed time spent in this place.
 B = Non-inter-level travel time spent in this place.
 C = Inter-level travel time spent in this place.
 D = Time resting spent in this place.
 E = Time spent auto-exploring this place.
 F = Levels seen in this place.
 G = Mean time per level.
                   A        B        C        D        E       F      G
               +--------+--------+--------+--------+--------+-----+--------+
         Total |    149 |    149 |      0 |      0 |    112 |   1 |  149.0 |
       Dungeon |    149 |    149 |      0 |      0 |    112 |   1 |  149.0 |
               +--------+--------+--------+--------+--------+-----+--------+

Top non-repeatable levels by time:
     D:1: 149 daAuts
